[Event "Grand Prix Romania 1st Stage 2024"]
[Site "Bucuresti"]
[Date "2024.03.24"]
[Round "7.17"]
[White "Filip, Andrei"]
[Black "Rozen, Eytan"]
[Result "0-1"]
[ECO "B12"]
[WhiteElo "2289"]
[BlackElo "2487"]
[Annotator "TA"]
[PlyCount "58"]
[EventDate "2024.03.20"]
[EventType "swiss"]
[EventCountry "ROU"]
[SourceTitle "playchess.com"]
[Source "ChessBase"]
[SourceQuality "1"]
[TimeControl "900+5"]

1. e4 c6 2. d4 d5 3. e5 c5 4. Nf3 Nc6 5. dxc5 e6 6. Be3 Nh6 7. Bb5 (7. Bxh6 $14 gxh6 8. Bb5) 7... Nf5 $11 8. Bd4 {[%emt 0:00:24] The position is equal.} Qa5+ 9. Nc3 Bd7 10. a3 Nfxd4 11. Nxd4 Nxe5 (11... Bxc5 $6 12. Bxc6 (12. b4 Bxd4 13. bxa5 Bxc3+ 14. Kf1 Bxa1 $16) 12... bxc6 13. b4 Bxd4 14. bxa5 $16) (11... Qc7 $1 $15 12. b4 Qxe5+ 13. Nce2 Qc7) 12. Qe2 $14 Nc6 (12... Bxb5 $1 $14 13. Qxe5 Bc4) 13. Nb3 $16 Qd8 14. Nxd5 Rc8 15. O-O-O Be7 16. Nxe7 Qxe7 17. Rd6 {[%emt 0:00:38] Threatens to win with Rhd1.} a6 18. Ba4 {[%emt 0:01:18] [#]} ({White should try} 18. Rhd1 $18 Rc7 19. Bxc6 Bxc6 20. Rd8+ Qxd8 21. Rxd8+ Kxd8 22. Na5) 18... b5 $1 $17 19. Rhd1 (19. Bxb5 $17 {might work better.} axb5 20. Qd1 (20. Rhd1 Nb8 $17)) 19... bxa4 $19 20. Rxd7 Qg5+ 21. Kb1 {[%emt 0:02:04] f4 would now be deadly.} axb3 22. cxb3 Qxc5 (22... Qxg2 23. Qxa6 O-O 24. b4 $17) 23. R1d5 Qb6 24. Qh5 $2 (24. R5d6 {was necessary.} O-O (24... Qxb3 $2 25. Qxa6 $19) 25. Qc4) 24... Qxf2 {[%emt 0:00:14] Black is clearly winning.} (24... exd5 25. Qxf7#) 25. Rd3 O-O (25... Qxg2 26. Qxf7#) 26. Rf3 Qe1+ (26... Qxg2 27. Rfxf7 Rxf7 28. Qxf7+ Kh8 29. Qxe6 Qf1+ (29... Qxh2 $2 30. Qxc6 Qg1+ 31. Ka2 $18) 30. Ka2 $19) 27. Ka2 g6 {[%emt 0:00:22] [#] ( -> ...Nb4+)} 28. Qh6 {[%emt 0:00:02] Intending Rh3 and mate.} Qe5 29. h4 (29. Rc3 $142) 29... Qg7 {[%emt 0:00:05] Weighted Error Value: White=0.71/Black=0.15 (very precise) .  Missed win:     	White=1     	---        Mistake:       	White=4     	Black=3      Inaccurate:     	White=2     	Black=1      OK:         	White=8     	Black=9      Best:        	White=4     	Black=5      Strong:       	---       	Black=1} (29... Nb4+ $142 30. axb4 Rc2 31. Qxf8+ Kxf8 32. Rfxf7+ Kg8 33. Rg7+ Qxg7 34. Rd8+ Kf7 35. Rd7+ Kf8 36. Rxg7 Kxg7 37. Kb1 Rc8 (37... Rxg2 $2 38. b5 $19) 38. h5 e5 (38... gxh5 {is a self mate.} 39. Ka2 e5 40. Ka3 e4 41. b5 axb5 42. g4 e3 43. gxh5 e2 44. h6+ Kxh6 45. Kb4 e1=Q+ 46. Kxb5 Qe8+ 47. Kb6 Qc6+ 48. Ka5 Qb7 49. b4 Ra8#) 39. Ka2 e4 (39... gxh5 {gets mated.} 40. Ka3 e4 41. b5 axb5 42. g4 e3 43. gxh5 e2 44. h6+ Kxh6 45. Kb4 e1=Q+ 46. Kxb5 Qe8+ 47. Ka6 Qc6+ 48. Ka5 Rb8 49. b4 Qb5#) 40. Ka3 e3 (40... gxh5 41. b5 axb5 42. g4 e3 43. gxh5 e2 44. h6+ Kxh6 45. Kb4 e1=Q+ 46. Kxb5 Qe6 47. Ka4 Qa6+ 48. Kb4 Qb7+ 49. Ka5 Ra8#) 41. b5 axb5 (41... gxh5 42. bxa6 e2 43. b4 e1=Q 44. a7 Qe3+ 45. Ka4 Qxa7+ 46. Kb3 Qf7+ 47. Ka4 Qd5 48. b5 Qa2+ 49. Kb4 Rc4#) (41... e2 42. bxa6 e1=Q 43. b4 Qa1+ 44. Kb3 Rc1 45. g4 Qxa6 46. h6+ Kf8 47. g5 Qc4+ 48. Ka4 Ra1#) 42. h6+ Kf7 (42... Kxh6 43. g4 e2 44. g5+ Kxg5 45. Kb4 e1=Q+ 46. Kxb5 Qe5+ 47. Ka4 Qd5 48. Kb4 Qc5+ 49. Ka4 Ra8#) 43. g4 e2 44. Kb4 e1=Q+ (44... e1=B+ $2 45. Kxb5 Bd2 46. b4 $19) 45. Kxb5 Qe6 46. Ka4 Qa6+ (46... Qxg4+ {leads to mate.} 47. Kb5 Qd7+ 48. Kb6 Qc7+ 49. Ka6 Rb8 50. b4 Qb6#) 47. Kb4 Qb7+ 48. Ka5 Ra8#) 0-1

[Event "Grand Prix Romania 1st Stage 2024"]
[Site "Bucuresti"]
[Date "2024.03.24"]
[Round "7.19"]
[White "Bernadskiy, Vitaliy"]
[Black "Cnejev, Vladimir-Alexandru"]
[Result "1-0"]
[ECO "C92"]
[WhiteElo "2573"]
[BlackElo "2311"]
[Annotator "TA"]
[PlyCount "75"]
[EventDate "2024.03.20"]
[EventType "swiss"]
[EventCountry "ROU"]
[SourceTitle "playchess.com"]
[Source "ChessBase"]
[SourceQuality "1"]
[TimeControl "900+5"]

1. e4 e5 2. Nf3 Nc6 3. Bb5 a6 4. Ba4 Nf6 5. O-O Be7 6. Re1 b5 7. Bb3 d6 8. c3 O-O 9. h3 Bb7 10. d4 Re8 11. Nbd2 Bf8 12. a3 g6 13. Ba2 Bg7 14. d5 (14. b4 {is more complex.} a5 15. Ng5 Re7 16. d5) 14... Nb8 15. c4 c6 16. dxc6 Bxc6 (16... Nxc6 $11 17. cxb5 axb5) 17. b4 bxc4 $2 (17... h6 $11 {and Black is okay.}) 18. Nxc4 $18 (18. Bxc4 $6 Nbd7 $14) 18... Nxe4 {[%emt 0:06:52] [#]} (18... d5 $142) 19. Rxe4 $1 d5 (19... Bxe4 20. Nxd6 Rf8 21. Ng5 $18) 20. Bg5 Qc7 {[%emt 0:01:31] [#]} 21. Rxe5 dxc4 $16 22. Rxe8+ Bxe8 23. Rc1 c3 24. Nd4 Nc6 25. Ne2 $36 {[%emt 0:00:03][%mdl 2048] White has the initiative.} Qe5 26. Bh4 (26. Bf4 $16 Qf5 27. g4 (27. Bb1 Qe6 $14)) 26... Qh5 27. Bg3 Rd8 (27... a5 $11 28. Bc4 (28. Nxc3 $2 Qxd1+ 29. Nxd1 axb4 $19) 28... axb4 29. axb4 Nxb4) 28. Qe1 Ne5 29. Nf4 {[%emt 0:00:01] Dodges Nd3} ({Reject} 29. Rxc3 $6 Nd3 30. Qd2 Bxc3 31. Nxc3 Qf5 $14) 29... Qf5 30. Rxc3 {[%emt 0:00:24] Threatens to win with Nd5.} g5 $2 (30... Bb5 $16) 31. Nd5 {[%emt 0:00:04] Black must now prevent Ne7+.} Kh8 32. Re3 Bc6 (32... f6 $142 33. Nxf6 Ba4 34. Rxe5 Qxf6) 33. Rxe5 $18 Qc2 34. Bb1 Qb3 {[%emt 0:00:02] [#]} 35. Qe4 $1 Qd1+ (35... Qxb1+ 36. Qxb1) 36. Kh2 Qh5 {[%emt 0:00:01] [#]} 37. Rxg5 $3 Bxd5 (37... f5 38. Qxf5) 38. Rxh5 {[%emt 0:00:02] Weighted Error Value: White=0.32/Black=0.89.  Loses game:     	---       	Black=2      Mistake:       	White=2     	Black=4      Inaccurate:     	White=2     	Black=3      OK:         	White=8     	Black=6      Best:        	White=1     	Black=1      Brilliant:      	White=1     	---} (38. Rxd5 $142 Bf6 39. Rxh5 Kg7 40. Be5 (40. Qxh7+ Kf8 41. Ba2 Bg7 42. Qf5 f6 43. Qe6 Rd5 44. Bxd5 Bh8 45. Qf7#) 40... Bxe5+ 41. Qxe5+ Kf8 42. Rxh7 (42. Bxh7 Re8 43. Qd6+ Re7 44. Bf5 Kg7 45. Qh6+ Kg8 46. Qh8#) 42... f6 43. Qxf6+ Kg8 44. Qxd8#) 1-0

[Event "Grand Prix Romania 1st Stage 2024"]
[Site "Bucuresti"]
[Date "2024.03.24"]
[Round "7.20"]
[White "Serban, Cristian-Stefan"]
[Black "Jianu, Vlad-Cristian"]
[Result "0-1"]
[ECO "E05"]
[WhiteElo "2309"]
[BlackElo "2491"]
[Annotator "TA"]
[PlyCount "32"]
[EventDate "2024.03.20"]
[EventType "swiss"]
[EventCountry "ROU"]
[SourceTitle "playchess.com"]
[Source "ChessBase"]
[SourceQuality "1"]
[TimeControl "900+5"]

1. d4 Nf6 2. c4 e6 3. Nf3 d5 4. g3 Be7 5. Bg2 O-O 6. O-O dxc4 7. Qc2 b6 8. Ne5 Qxd4 9. Bxa8 {[%emt 0:00:31] [#] Strongly threatening Qc3.} Qxe5 {[%emt 0:00:01] The position is equal.} 10. Bf4 Qc5 11. Bg2 {[%emt 0:00:52][%mdl 1024] White has compensation.} Nd5 12. Nd2 b5 13. a4 a6 14. Rfc1 (14. Rfd1 $15) 14... Nc6 15. Ne4 ({Better is} 15. axb5 $15 axb5 16. b3) 15... Qb6 $17 {[%emt 0:00:06] Threatens to win with ...Nxf4.} 16. b3 $2 {[%emt 0:00:23] [#]} (16. Ng5 $17 g6 17. Bxd5 exd5 18. e3) 16... Nd4 {[%emt 0:00:38][%csl LRb3,LRc2] White got outplayed after the opening.   Weighted Error Value: White=0.60/Black=0.07 (flawless) .  Loses game:     	White=1     	---        Mistake:       	White=2     	---        Inaccurate:     	White=2     	Black=1      OK:         	White=1     	Black=5      Best:        	---       	Black=2} 0-1

[Event "Grand Prix Romania 1st Stage 2024"]
[Site "Bucuresti"]
[Date "2024.03.24"]
[Round "7.21"]
[White "Castellanos Rodriguez, Renier"]
[Black "Prisacaru, Stefan-Emilian"]
[Result "1-0"]
[ECO "A11"]
[WhiteElo "2469"]
[BlackElo "2273"]
[Annotator "TA"]
[PlyCount "185"]
[EventDate "2024.03.20"]
[EventType "swiss"]
[EventCountry "ROU"]
[SourceTitle "playchess.com"]
[Source "ChessBase"]
[SourceQuality "1"]
[TimeControl "900+5"]

1. c4 c6 2. Nf3 d5 3. e3 Nf6 4. Nc3 e6 5. b3 Bd6 6. Bb2 {[%emt 0:00:09] A11: Reti-Eröffnung.} e5 7. cxd5 cxd5 8. Nb5 Nc6 9. Nxd6+ Qxd6 10. Bb5 e4 11. Ne5 O-O 12. Nxc6 bxc6 13. Be2 a5 14. O-O Ba6 15. d3 exd3 16. Bxd3 Bxd3 17. Qxd3 a4 18. h3 axb3 19. axb3 Rfb8 $146 ({Predecessor:} 19... Ne4 20. Qd4 f6 21. Rfd1 Qc5 22. Rxa8 Rxa8 23. Qxc5 Nxc5 24. b4 Na4 25. Bd4 Rb8 {½-½ Gurevich,D (2399)-Aditya,M (2438) Titled Tuesday intern op 4th Aug 10am blitz 2020 (5)}) 20. Rxa8 Rxa8 21. Rc1 Rb8 22. Qf5 Nd7 23. Qg4 f6 24. Qa4 Rc8 25. Qa6 Qc7 26. Bd4 Nb8 27. Qd3 Qb7 28. Qf5 Qd7 29. Qd3 Qb7 30. Bc5 Nd7 31. Bd6 Ne5 32. Qc3 Nf7 33. Bf4 Qb5 34. b4 h6 35. Qc5 Qxc5 36. Rxc5 Ne5 37. b5 ({Vorzuziehen ist} 37. Bxe5 $1 $16 fxe5 38. e4 (38. b5 Kf7 $11) 38... dxe4 39. Rxe5) 37... Nd3 $2 (37... Nd7 38. Rxc6 Rxc6 39. bxc6 $18) (37... Kf7 $1 $11 {und Schwarz steht sicher.}) 38. Rxc6 $18 Ra8 39. Bg3 Ra1+ 40. Kh2 Rb1 41. Rc3 Ne5 42. Rc5 (42. Bxe5 $18 fxe5 43. Rc5) 42... Nd3 $2 (42... Nc4 $16 43. Bc7 (43. Rxd5 Na3 $16) 43... Na3) 43. Rxd5 $18 Nb4 44. Rd8+ Kh7 45. Rd4 $2 (45. Rd2 $18 {bietet bessere Gewinnchancen.}) 45... Na2 $16 46. Rd7 Rxb5 47. Bd6 Rd5 48. Rd8 Nc3 49. Be7 Rxd8 50. Bxd8 Ne4 51. f3 Nc5 52. Bb6 Ne6 53. Kg3 f5 54. Kf2 Kg6 55. Ke2 Kf6 56. Kd3 Ke5 57. Kc4 g6 58. Ba5 Kd6 59. Bb4+ Kc6 (59... Ke5 $16 {war angesagt.}) 60. Ba3 (60. f4 $1 $18) 60... Nc7 $16 61. Bf8 h5 62. Ba3 Kd7 63. Bb4 Ke6 64. Bc3 Nd5 65. Bd4 Ne7 66. Kc5 ({Besser ist} 66. h4 $16) 66... Nd5 (66... g5 $1 $11) 67. g3 g5 68. f4 (68. Kc4 $1 $16) 68... g4 (68... h4 $1 $11 69. gxh4 (69. fxg5 hxg3 70. g6 Ne7 $17) 69... gxf4) 69. h4 (69. hxg4 $16 hxg4 70. e4) 69... Ne7 $11 70. Bg7 Nd5 71. Kd4 Nb4 72. Bf8 Nc2+ 73. Kd3 Ne1+ 74. Kc4 (74. Ke2 $5 Nf3 $8 75. Bb4 $11) 74... Nf3 75. Bc5 $2 (75. Bb4 $11) 75... Ng1 $2 (75... Nd2+ $19 76. Kd3 Ne4) 76. Kd3 $11 Nf3 77. e4 Nh2 (77... fxe4+ $14 78. Kxe4 Nd2+ 79. Kd3 Nf1) 78. e5 $16 Kd5 79. Bf2 Nf3 80. Kc3 Nh2 81. Kb4 Nf1 {[%emt 0:00:01] [#]} 82. Kb5 $1 Nd2 $2 {[%emt 0:00:02] [#]} (82... Ke6 $16 83. Kc5 Nd2) 83. Kb6 $1 $18 Ne4 84. Be1 Ke6 85. Kc7 $2 (85. Kc6 {Und Kb6 würde nun gewinnen.} Ke7 86. Kd5) 85... Nc5 $18 86. Kd8 Nd3 $2 (86... Kf7 87. Bb4 Ne6+ 88. Kd7 Ng7) 87. Bd2 $18 Kf7 88. Be3 Nb4 89. Kd7 Nd5 90. e6+ Kf6 91. Bd4+ Kg6 92. e7 Kh7 93. e8=Q 1-0

[Event "Grand Prix Romania 1st Stage 2024"]
[Site "Bucuresti"]
[Date "2024.03.24"]
[Round "7.22"]
[White "Costachi, Mihnea"]
[Black "Veneteanu, Mihai"]
[Result "1-0"]
[ECO "D58"]
[WhiteElo "2470"]
[BlackElo "2026"]
[Annotator "TA"]
[PlyCount "67"]
[EventDate "2024.03.20"]
[EventType "swiss"]
[EventCountry "ROU"]
[SourceTitle "playchess.com"]
[Source "ChessBase"]
[SourceQuality "1"]
[TimeControl "900+5"]

1. d4 Nf6 2. c4 e6 3. Nf3 d5 4. Nc3 Be7 5. Bg5 O-O 6. e3 h6 7. Bh4 b6 8. cxd5 exd5 9. Bd3 Nbd7 10. O-O Bb7 11. Rc1 Ne4 12. Bxe7 Qxe7 13. Qb3 ({Reject} 13. Nxe4 dxe4 14. Rxc7 Bc8 $15) 13... Ndf6 14. Bb1 Rac8 15. Nb5 a6 {[%emt 0:00:24] The position is equal.} 16. Na7 Ra8 17. Nc6 Qd6 {[%emt 0:01:27] [#]} 18. Qc2 Rfe8 19. h3 Rac8 20. Rfd1 Re6 21. Nfe5 Nd7 {[%emt 0:00:25] [#]} (21... Bxc6 $142 22. Qxc6 Qd8) 22. Na7 $1 $16 Ra8 23. Qxc7 Qxc7 24. Rxc7 Nxe5 25. dxe5 Rxa7 26. Bxe4 dxe4 27. Rd8+ Kh7 28. Rdd7 {[%emt 0:00:01] White has more active pieces.} ({Much worse is} 28. Rxf7 $6 Ra8 (28... Rxe5 $2 {is the wrong capture.} 29. Rdd7 $18) 29. Rdd7 Bc6 30. Rxg7+ Kh8 31. Rh7+ Kg8 32. Rdg7+ Kf8 $11) 28... Bc6 29. Rxa7 Bxd7 30. Rxd7 Kg6 31. Rb7 b5 32. Ra7 h5 33. g3 Rc6 34. b4 {[%emt 0:00:08] Weighted Error Value: White=0.07 (flawless) /Black=0.15 (very precise) .  Mistake:       	---       	Black=1      Inaccurate:     	White=1     	Black=2      OK:         	White=9     	Black=8      Best:        	White=1     	Black=1      Strong:       	White=1     	---} 1-0

[Event "Grand Prix Romania 1st Stage 2024"]
[Site "Bucuresti"]
[Date "2024.03.24"]
[Round "7.23"]
[White "Nastore, Pavel-Alexandru"]
[Black "Bulmaga, Irina"]
[Result "0-1"]
[ECO "C60"]
[WhiteElo "2182"]
[BlackElo "2429"]
[Annotator "RC"]
[PlyCount "100"]
[EventDate "2024.03.20"]
[EventType "swiss"]
[EventCountry "ROU"]
[SourceTitle "playchess.com"]
[Source "ChessBase"]
[SourceQuality "1"]
[TimeControl "900+5"]

1. e4 e5 2. Nf3 Nc6 3. Bb5 a6 4. Ba4 d6 5. c3 Bd7 6. O-O Nf6 7. Re1 g6 8. d4 Bg7 9. h3 O-O 10. Nbd2 exd4 11. cxd4 Nb4 12. Bxd7 Qxd7 13. Nb1 c5 14. a3 Nc6 15. d5 Nd4 16. Nxd4 cxd4 17. Nd2 Rfe8 18. f3 Nh5 19. Nb3 Qa4 20. Bd2 Be5 21. Na5 Qd7 22. Nc4 Qe7 23. Nxe5 Qxe5 24. Rc1 Re7 25. Qb3 Rae8 26. Qd3 Ng7 27. Rc4 f5 28. Rxd4 Qg3 29. Re2 Nh5 30. Rc4 Nf6 31. Bc3 fxe4 32. Qd4 Re5 33. fxe4 Nh5 34. Qf2 R5e7 35. e5 Qxf2+ 36. Kxf2 dxe5 37. d6 Rf7+ 38. Ke1 Nf4 39. Ree4 Rd7 40. g3 Nd3+ 41. Ke2 Rxd6 42. Re3 Nc1+ 43. Ke1 Rd5 44. Rce4 Nd3+ 45. Ke2 Nc1+ 46. Ke1 Red8 47. Bxe5 Rd1+ 48. Kf2 Nd3+ 49. Kf3 Rf1+ 50. Ke2 Rf2+ 0-1

[Event "Grand Prix Romania 1st Stage 2024"]
[Site "Bucuresti"]
[Date "2024.03.24"]
[Round "7.24"]
[White "Nedelcu, Teodor-Cosmin"]
[Black "Magold, Filip"]
[Result "1/2-1/2"]
[ECO "D10"]
[WhiteElo "2306"]
[BlackElo "2403"]
[Annotator "TA"]
[PlyCount "140"]
[EventDate "2024.03.20"]
[EventType "swiss"]
[EventCountry "ROU"]
[SourceTitle "playchess.com"]
[Source "ChessBase"]
[SourceQuality "1"]
[TimeControl "900+5"]

1. c4 c6 2. Nc3 Nf6 3. d4 d5 4. cxd5 cxd5 5. Bf4 Nc6 6. e3 a6 7. Bd3 Bg4 8. f3 Bh5 9. Nge2 e6 {[%emt 0:00:01] D10: Slav Defence: 3 cxd5 (without early Nf3) and 3 Nc3.} 10. O-O Bd6 11. Rc1 O-O 12. Na4 Bxf4 13. Nxf4 Bg6 14. Bxg6 $146 ({Predecessor:} 14. Nc5 Qb6 15. Bxg6 hxg6 16. Qb3 Qxb3 17. Nxb3 Nd7 18. Nd3 Rfc8 19. Kf2 Kf8 20. Nbc5 Nxc5 21. Nxc5 {1-0 Rychagov,A (2545)-Checa,N (2527) Titled Tuesday intern op 14th April blitz 2020 (4)}) 14... hxg6 15. Nd3 Qe7 16. Qd2 g5 17. Ne5 Nxe5 18. dxe5 Nd7 19. Qd4 Rac8 20. Nb6 Rxc1 21. Rxc1 Nb8 22. Nc8 Qd7 23. Nd6 Nc6 24. Qc3 Rd8 25. b3 Nxe5 26. Nxb7 Nxf3+ (26... Qxb7 27. Qxe5 g4 28. fxg4 $14) 27. gxf3 Qxb7 28. Qe5 Qe7 29. Rc7 Qd6 30. Qxd6 Rxd6 31. Kf2 e5 32. Ke2 $2 (32. b4 $17) 32... Rh6 $19 33. Kd3 Rxh2 34. a4 Rb2 35. Rb7 e4+ 36. fxe4 dxe4+ 37. Kxe4 g4 $2 (37... Rf2 $1 $19 {Strongly threatening ...g4.} 38. b4 g4) 38. Kf4 $15 g3 (38... f5 $5 39. Kxf5 g3 $15) 39. Kxg3 g5 40. Kg4 Rg2+ 41. Kf3 Rb2 42. Kg4 Rg2+ 43. Kf5 Kg7 (43... Re2 $11) 44. Rb6 ({Better is} 44. a5 $1 $16) 44... Rg3 45. Ke4 a5 (45... g4 $1 $11) 46. Rb5 $16 Kg6 47. Rxa5 g4 $2 {[%emt 0:00:14][%mdl 8192] [#]} (47... f5+ $16 {is more resistant.} 48. Rxf5 Rg4+ 49. Ke5 Rb4) 48. Kf4 $1 $18 Rf3+ (48... Rg1 $142 49. e4 (49. Rg5+ Kf6 $18) 49... Kf6) 49. Kxg4 $18 Rxe3 50. Rb5 f5+ 51. Kf4 Re4+ 52. Kf3 Kg5 53. a5 Rf4+ 54. Ke3 Re4+ 55. Kd3 Re1 56. b4 Ra1 57. Kc4 Kg4 58. Rb8 f4 59. Rf8 f3 60. Kb5 Kg3 61. a6 f2 62. Kb6 Ra4 {[%emt 0:00:08] [#]} 63. b5 $2 (63. Rxf2 $1 {mates} Rxb4+ 64. Ka5 Re4 65. Rf8 Re7 66. Kb6 Re1 67. a7 Rb1+ 68. Kc5) 63... Rf4 $1 $11 64. Rxf4 Kxf4 65. a7 f1=Q 66. a8=Q Qg1+ 67. Kc7 Qg7+ 68. Kb6 Qd4+ 69. Kc7 Qe5+ 70. Kb6 Qd4+ 1/2-1/2

[Event "Grand Prix Romania 1st Stage 2024"]
[Site "Bucuresti"]
[Date "2024.03.24"]
[Round "7.25"]
[White "Cosma, Elena-Luminita"]
[Black "Bulau, Andrei-Cristian"]
[Result "0-1"]
[ECO "E01"]
[WhiteElo "2238"]
[BlackElo "2142"]
[Annotator "RC"]
[PlyCount "74"]
[EventDate "2024.03.20"]
[EventType "swiss"]
[EventCountry "ROU"]
[SourceTitle "playchess.com"]
[Source "ChessBase"]
[SourceQuality "1"]
[TimeControl "900+5"]

1. d4 d5 2. c4 e6 3. Nf3 c6 4. Nbd2 Nf6 5. g3 Nbd7 6. Bg2 Bd6 7. O-O b6 8. Qc2 Bb7 9. e4 dxe4 10. Nxe4 Nxe4 11. Qxe4 Nf6 12. Qe2 O-O 13. Ne5 Qc7 14. Bg5 Nd7 15. Nxd7 Qxd7 16. Rfd1 Qc7 17. Qg4 Kh8 18. Qf3 Rab8 19. c5 bxc5 20. dxc5 Bxc5 21. Bf4 e5 22. Be3 Bb6 23. Rac1 c5 24. Qe2 Bxg2 25. Kxg2 Rfd8 26. Qf3 c4 27. Rxd8+ Rxd8 28. b3 Bxe3 29. Rxc4 Qe7 30. Qxe3 h6 31. h4 f5 32. Qc5 Qb7+ 33. Qc6 Qf7 34. Rb4 Rd7 35. h5 Kh7 36. Rb8 Rd2 37. Qc8 Qd5+ 0-1

[Event "Grand Prix Romania 1st Stage 2024"]
[Site "Bucuresti"]
[Date "2024.03.24"]
[Round "7.26"]
[White "Sandu, Mihaela"]
[Black "Filev, Georgi"]
[Result "0-1"]
[ECO "B70"]
[WhiteElo "2270"]
[BlackElo "2210"]
[Annotator "RC"]
[PlyCount "68"]
[EventDate "2024.03.20"]
[EventType "swiss"]
[EventCountry "ROU"]
[SourceTitle "playchess.com"]
[Source "ChessBase"]
[SourceQuality "1"]
[TimeControl "900+5"]

1. e4 c5 2. Nf3 d6 3. d4 cxd4 4. Nxd4 Nf6 5. Nc3 g6 6. Be2 Bg7 7. O-O O-O 8. Re1 Nc6 9. Nb3 a6 10. Bf1 Bg4 11. f3 Be6 12. Nd5 Rc8 13. c3 Ne5 14. Kh1 Re8 15. a4 Bd7 16. a5 Nxd5 17. exd5 Qc7 18. Bg5 h6 19. Bh4 Bb5 20. f4 Bxf1 21. Rxf1 Nc4 22. Rf2 Ne3 23. Qd3 Nf5 24. Bg3 e6 25. dxe6 Rxe6 26. Re2 Rce8 27. Rxe6 Rxe6 28. Re1 Qe7 29. Rxe6 Qxe6 30. Nd2 Qa2 31. Bf2 Qxb2 32. g4 Ne7 33. Qxd6 Nc6 34. Ne4 Qb1+ 0-1

[Event "Grand Prix Romania 1st Stage 2024"]
[Site "Bucuresti"]
[Date "2024.03.24"]
[Round "7.27"]
[White "Manea, Alexandru"]
[Black "Petrescu, Georgian-Dorin"]
[Result "1/2-1/2"]
[ECO "E63"]
[WhiteElo "2287"]
[BlackElo "2064"]
[Annotator "RC"]
[PlyCount "65"]
[EventDate "2024.03.20"]
[EventType "swiss"]
[EventCountry "ROU"]
[SourceTitle "playchess.com"]
[Source "ChessBase"]
[SourceQuality "1"]
[TimeControl "900+5"]

1. c4 Nf6 2. Nc3 g6 3. d4 Bg7 4. g3 O-O 5. Bg2 d6 6. Nf3 Nc6 7. O-O a6 8. b3 e5 9. Bb2 Bg4 10. d5 Ne7 11. h3 Bd7 12. e4 Ne8 13. Ne1 f5 14. Nd3 b6 15. Kh2 Nf6 16. exf5 gxf5 17. f4 e4 18. Ne1 h5 19. Nc2 Qe8 20. Rb1 Ng6 21. Ne3 Kf7 22. b4 Qe7 23. Ne2 h4 24. Bxf6 Qxf6 25. g4 fxg4 26. hxg4 h3 27. Bxe4 Rae8 28. Qd3 Rxe4 29. Qxe4 Re8 30. Qc2 Rxe3 31. g5 Qf5 32. Qxf5+ Bxf5 33. Rbe1 1/2-1/2

[Event "Grand Prix Romania 1st Stage 2024"]
[Site "Bucuresti"]
[Date "2024.03.24"]
[Round "7.28"]
[White "Luncasu, Raul-Ionut"]
[Black "Antonica, Dragos-Andrei"]
[Result "0-1"]
[ECO "C19"]
[WhiteElo "2155"]
[BlackElo "2366"]
[Annotator "RC"]
[PlyCount "52"]
[EventDate "2024.03.20"]
[EventType "swiss"]
[EventCountry "ROU"]
[SourceTitle "playchess.com"]
[Source "ChessBase"]
[SourceQuality "1"]
[TimeControl "900+5"]

1. e4 e6 2. d4 d5 3. Nc3 Bb4 4. e5 c5 5. a3 Bxc3+ 6. bxc3 Ne7 7. Nf3 b6 8. Bb5+ Bd7 9. Bd3 c4 10. Be2 Ba4 11. O-O Nbc6 12. Ng5 h6 13. Nh3 Kd7 14. f4 Qg8 15. g4 h5 16. f5 hxg4 17. fxe6+ fxe6 18. Bxg4 Rf8 19. Ng5 Nd8 20. Bf4 Nf5 21. Rb1 Nc6 22. Rf2 g6 23. Qf3 Qg7 24. Kh1 Qe7 25. Ra1 Nd8 26. Qg3 Nxg3+ 0-1

[Event "Grand Prix Romania 1st Stage 2024"]
[Site "Bucuresti"]
[Date "2024.03.24"]
[Round "7.29"]
[White "Iordache, Alexia-Andreea"]
[Black "Fridman, Daniel"]
[Result "0-1"]
[ECO "A08"]
[WhiteElo "1866"]
[BlackElo "2590"]
[Annotator "RC"]
[PlyCount "90"]
[EventDate "2024.03.20"]
[EventType "swiss"]
[EventCountry "ROU"]
[SourceTitle "playchess.com"]
[Source "ChessBase"]
[SourceQuality "1"]
[TimeControl "900+5"]

1. Nf3 d5 2. g3 c5 3. Bg2 g6 4. O-O Bg7 5. d3 Nc6 6. Nbd2 Nf6 7. e4 O-O 8. Re1 e5 9. a3 dxe4 10. Nxe4 Nxe4 11. dxe4 Qxd1 12. Rxd1 Bg4 13. c3 c4 14. h3 Be6 15. Ng5 Bc8 16. f4 h6 17. Nf3 Be6 18. Be3 Rfe8 19. Rd6 Rac8 20. Rad1 b6 21. Kf2 exf4 22. gxf4 Na5 23. Re1 Nb3 24. Rdd1 Bf6 25. Ke2 Nc5 26. Bxc5 Rxc5 27. Nd4 Bc8 28. Kf1 Bh4 29. Re3 f5 30. e5 g5 31. fxg5 Bxg5 32. Re2 Kf7 33. Bf3 Rexe5 34. Nc6 Rxe2 35. Kxe2 Rb5 36. Bd5+ Kf6 37. Nb4 a5 38. Nc6 Rxb2+ 39. Kf1 f4 40. Bxc4 Bxh3+ 41. Kg1 f3 42. Rd6+ Kg7 43. Ne5 Rg2+ 44. Kh1 Bf4 45. Nxf3 Bxd6 0-1